 Dungeon Crawl Stone Soup version 0.28-a0-834-g1a73be5ee4 (webtiles) character file.

Game seed: 5510891211104242103

15372 lastplaneout the Nimble (level 12, -3/184 HPs)
             Began as a Troll Berserker on Nov 12, 2021.
             Was a High Priest of Trog.
             Slain by an orc knight (27 damage)
             ... on level 11 of the Dungeon.
             The game lasted 00:27:46 (9005 turns).

lastplaneout the Nimble (Troll Berserker)           Turns: 9005, Time: 00:27:46

Health: -3/184     AC:  9    Str: 32    XL:     12   Next: 0%
Magic:  11/11      EV: 17    Int:  9    God:    Trog [*****.]
Gold:   658        SH:  0    Dex:  9    Spells: 11/11 levels left

rFire   . . .      SeeInvis +     - Unarmed
rCold   + . .      Faith    .   (no shield)
rNeg    . . .      Spirit   .   C - +1 steam dragon scales
rPois   .          Reflect  .   D - +1 hat {SInv}
rElec   .          Harm     .   y - scarf {shadows}
rCorr   .          Rampage  .   (gloves unavailable)
Will    +....                   (boots unavailable)
Stlth   ..........              (no amulet)
HPRegen 1.40/turn               o - ring "Vifeon Jamig" {rC+ Will+ EV+4 Int+6}
MPRegen 0.12/turn               e - ring "Wapp" {Wiz Slay+2}

@: berserking, studying Dodging, very quick
A: large, unfitting armour, claws 3, regeneration 1, shaggy fur 1, tough skin 1
a: Renounce Religion, Berserk, Trog's Hand, Brothers in Arms


You were on level 11 of the Dungeon.
You worshipped Trog.
Trog was extremely pleased with you.
You visited 1 branch of the dungeon, and saw 12 of its levels.
You also visited: Ossuary.

You collected 658 gold pieces.

Inventory:

Missiles
 d - 7 throwing nets (quivered)
Armour
 y - a scarf of shadows (worn)
 C - +1 steam dragon scales (worn)
 D - a +1 hat of see invisible (worn)
Jewellery
 e - the ring "Wapp" (right claw) {Wiz Slay+2}
   (You found it on level 8 of the Dungeon)

   [ring of wizardry]

   It improves your spell success rate.
   Slay:      It affects your accuracy & damage with ranged weapons and melee
   (+2).
 f - a ring of resist corrosion
 n - a +6 ring of intelligence
 o - the ring "Vifeon Jamig" (left claw) {rC+ Will+ EV+4 Int+6}
   (You found it on level 4 of the Dungeon)

   [ring of evasion]

   EV:        It affects your evasion (+4).
   Int:       It affects your intelligence (+6).
   rC:        It protects you from cold.
   Will:      It increases your willpower.
 q - a ring of magical power
 E - a ring of see invisible
Wands
 m - a wand of flame (59)
 p - a wand of polymorph (9)
 t - a wand of acid (14)
 z - a wand of iceblast (15)
Scrolls
 c - 2 scrolls of enchant armour
 l - a scroll of identify
 r - 2 scrolls of amnesia {unknown}
 s - a scroll of torment {unknown}
 w - 2 scrolls of magic mapping {unknown}
 A - a scroll of enchant weapon {unknown}
 G - a scroll of vulnerability {unknown}
 J - 2 scrolls of teleportation {unknown}
 K - a scroll of immolation {unknown}
 M - 2 scrolls of summoning {unknown}
 N - 5 scrolls of blinking
 O - 3 scrolls of silence
Potions
 a - 2 potions of berserk rage {unknown}
 b - 3 potions of attraction
 g - 4 potions of lignification
 h - 7 potions of curing
 i - 5 potions of mutation
 j - a potion of haste {unknown}
 k - 4 potions of might
 u - 2 potions of brilliance
 v - 18 potions of degeneration
 x - 2 potions of cancellation {unknown}
 B - 2 potions of flight {unknown}
 F - 2 potions of magic {unknown}
 H - 2 potions of resistance {unknown}
 I - 5 potions of ambrosia {unknown}
 L - 3 potions of heal wounds {unknown}


   Skills:
 + Level 9.2 Fighting
 - Level 0.9(1.1) Short Blades
 - Level 1.0(1.2) Long Blades
 - Level 1.0(1.3) Axes
 - Level 1.0(1.5) Maces & Flails
 - Level 0.9(1.3) Polearms
 - Level 0.9(1.3) Staves
 - Level 0.7 Slings
 - Level 0.5 Bows
 - Level 0.5 Crossbows
 - Level 1.0 Armour
 + Level 12.7 Dodging
 - Level 0.7 Shields
 + Level 11.6 Unarmed Combat
 - Level 1.1 Invocations


You had 11 spell levels left.
You didn't know any spells.
Your spell library was empty.

Dungeon Overview and Level Annotations

Branches:
Dungeon (12/15)            Temple (0/1) D:5            Lair (0/6) D:8
    Orc (0/2) D:10        Ossuary (visited)

Altars:
Cheibriados
Gozag
Ru
Sif Muna
Vehumet

Shops:
D:9 (   D:11 [


Innate Abilities, Weirdness & Mutations

You are too large for most types of armour.
You have claws for hands.
Your natural rate of healing is unusually fast.
You are covered in fur. (AC +1)
You have tough skin. (AC +1)


Message History

The orc warrior hits you with a +0 battleaxe!!
You scratch the orc warrior.
You kill the orc warrior!
Trog accepts your kill. The orc completely misses you.
You have reached level 12!
Your experience leads to an increase in your attributes!
Your base attributes are Str 30, Int 3, Dex 9.
Increase (S)trength, (I)ntelligence, or (D)exterity?
You feel stronger. x2
The orc barely misses you.
You claw the orc!
You kill the orc!
Trog accepts your kill.
Things that are here:
a +0 club; an orc corpse
Things that are here:
a +0 battleaxe; a +0 chain mail
There is a stone staircase leading down, spattered with blood here.
You see here a howler monkey corpse.
You climb downwards.
The sun demon barely misses you.
The orc knight hits you with a +1 great sword!
There is a stone staircase leading up, spattered with blood here.
Unknown command.
The sun demon hits you!
You are engulfed in flames!
* * * LOW HITPOINT WARNING * * *
The orc knight roars a battlecry!
The orcs go into a battle-frenzy!
The sun demon barely misses you.
You climb upwards.
There is a stone staircase leading down, spattered with blood here.
You see here a howler monkey corpse.
A red film seems to cover your vision as you go berserk!
You feel yourself moving faster!
You feel mighty!
The orc knight hits you with a +1 great sword!!
* * * LOW HITPOINT WARNING * * *
You mangle the orc knight!!
The orc knight is heavily wounded.
The orc knight hits you with a +1 great sword!!
You die...

####'#######
##.........#
.#.........#
.#.........#
.#.........#
.))........#
.#)........#
.#.........########
.##............o@[#
..#............)..#
..#...............#
..#...............#
###...............#
....#..############
^....8.# .......#
...>..##


You could see an orc knight.

Vanquished Creatures
  Gastronok (D:8)
  A boulder beetle (D:9)
  2 two-headed ogres
  Pikel (D:4)
  An ugly thing (D:11)
  A cyclops (D:11)
  A manticore (D:11)
  Joseph (D:8)
  Maggie (D:8)
  2 komodo dragons (D:8)
  4 trolls
  Prince Ribbit (D:8)
  2 wyverns (D:8)
  A vampire (D:10)
  9 yaks
  2 basilisks (D:8)
  2 wargs (D:10)
  A warg (shapeshifter) (D:10)
  Edmund (D:6)
  A water moccasin (D:6)
  A swamp drake (D:8)
  An ice beast (D:6)
  7 orc warriors
  2 black bears
  A sky beast (D:6)
  A necrophage (D:7)
  4 centaurs
  5 ogres
  A wolf (D:9)
  A lemure (D:4)
  2 kobold brigands
  4 bullfrogs
  15 scorpions
  3 gnoll sergeants (D:9)
  2 water moccasin zombies
  A wyvern skeleton (D:6)
  7 howler monkeys
  An electric eel (D:7)
  2 bullfrog zombies (D:5)
  3 human zombies (Ossuary)
  7 centaur zombies
  2 jellies
  3 bullfrog skeletons
  A centaur skeleton (D:7)
  3 orc priests
  6 gnoll shamans
  11 hounds
  4 iguanas
  8 orc wizards
  A scorpion zombie (Ossuary)
  Natasha (thrice) (D:3)
  Terence (D:2)
  A killer bee zombie (D:7)
  3 mummies (Ossuary)
  Robin (D:4)
  41 gnolls
  9 adders
  2 shadow imps
  A white imp (D:8)
  An ufetubus (D:5)
  2 worms
  4 dart slugs
  29 orcs
  8 ball pythons
  7 endoplasms
  A giant cockroach (D:1)
  A gnoll zombie (Ossuary)
  15 goblins
  11 hobgoblins
  8 jackals
  5 quokkas
  2 bats (D:1)
  4 frilled lizards
  4 goblin zombies (Ossuary)
  4 hobgoblin zombies (Ossuary)
  13 kobolds
  4 kobold zombies (Ossuary)
  An orc zombie (Ossuary)
  3 rats
335 creatures vanquished.

Vanquished Creatures (others)
  A fungus (D:4)
1 creature vanquished.

Grand Total: 336 creatures vanquished

Notes
Turn   | Place    | Note
-------+----------+-------------------------------------------
     0 | D:1      | lastplaneout the Troll Berserker began the quest for the
                  | Orb.
     0 | D:1      | Reached XP level 1. HP: 22/22 MP: 0/0
   162 | D:1      | Reached XP level 2. HP: 29/29 MP: 1/1
   444 | D:1      | Found a faded altar of an unknown god.
   643 | D:2      | Noticed Terence
   650 | D:2      | Killed Terence
   651 | D:2      | Reached XP level 3. HP: 28/36 MP: 2/2
   849 | D:2      | Noticed an ogre
   858 | D:2      | Reached ** piety under Trog
   874 | D:2      | Killed an ogre
   875 | D:2      | Reached skill level 5 in Unarmed Combat
   875 | D:2      | Reached XP level 4. HP: 8/44 MP: 3/3
   875 | D:2      | Reached XP level 5. HP: 10/50 MP: 4/4
  1269 | D:3      | Noticed Natasha
  1278 | D:3      | Killed Natasha
  1397 | D:3      | Noticed Natasha
  1401 | D:3      | Killed Natasha
  1445 | D:3      | Noticed Natasha
  1454 | D:3      | Killed Natasha
  1455 | D:3      | Reached XP level 6. HP: 58/59 MP: 5/5
  1773 | D:4      | Found a sacrificial altar of Ru.
  1815 | D:4      | Noticed Pikel
  1830 | D:4      | Killed Pikel
  1831 | D:4      | Reached XP level 7. HP: 50/66 MP: 6/6
  2015 | D:4      | Noticed Robin
  2023 | D:4      | Killed Robin
  2023 | D:4      | Reached *** piety under Trog
  2129 | D:4      | Identified the ring "Vifeon Jamig" {rC+ Will+ EV+4 Int+6}
  2604 | D:4      | Reached XP level 8. HP: 46/74 MP: 7/7
  2735 | D:5      | Entered Level 5 of the Dungeon
  2756 | D:5      | Reached skill level 10 in Unarmed Combat
  2840 | D:5      | Found a staircase to the Ecumenical Temple.
  2886 | D:5      | Reached **** piety under Trog
  3101 | D:5      | Reached skill level 3 in Dodging
  3418 | D:5      | Found a shimmering blue altar of Sif Muna.
  3567 | D:6      | Noticed Edmund
  3577 | D:6      | Killed Edmund
  3616 | D:6      | Reached skill level 4 in Dodging
  3622 | D:6      | Reached XP level 9. HP: 60/83 MP: 8/8
  3916 | D:6      | Reached skill level 5 in Dodging
  4138 | D:7      | Reached skill level 6 in Dodging
  4265 | D:7      | Reached ***** piety under Trog
  4275 | D:7      | Reached skill level 7 in Dodging
  4368 | D:7      | Found a radiant altar of Vehumet.
  4754 | D:8      | Noticed Joseph
  4764 | D:8      | Killed Joseph
  4765 | D:8      | Reached skill level 5 in Fighting
  4765 | D:8      | Reached skill level 8 in Dodging
  4805 | D:8      | Noticed Maggie
  4814 | D:8      | Killed Maggie
  4815 | D:8      | Reached XP level 10. HP: 74/96 MP: 9/9
  4881 | D:8      | Noticed Gastronok
  4898 | D:8      | Killed Gastronok
  4899 | D:8      | Reached skill level 10 in Dodging
  4908 | D:8      | Found an opulent altar of Gozag.
  4966 | D:8      | Found a sand-covered staircase.
  5003 | Ossuary  | Entered an ossuary
  5234 | Ossuary  | Reached skill level 11 in Dodging
  5234 | Ossuary  | Received a gift from Trog
  5522 | D:8      | Reached skill level 12 in Dodging
  5544 | D:8      | Identified the ring "Wapp" {Wiz Slay+2}
  5569 | D:8      | Noticed Prince Ribbit
  5580 | D:8      | Killed Prince Ribbit
  5630 | D:8      | Found a snail-covered altar of Cheibriados.
  5918 | D:8      | Reached XP level 11. HP: 92/109 MP: 10/10
  5965 | D:8      | Found a staircase to the Lair.
  6132 | D:9      | Found Kulon's Weapon Shop.
  6592 | D:9      | Noticed a two-headed ogre
  6608 | D:9      | Killed a two-headed ogre
  6681 | D:9      | Noticed a boulder beetle
  6690 | D:9      | Killed a boulder beetle
  7130 | D:10     | Entered Level 10 of the Dungeon
  7465 | D:10     | Found a staircase to the Orcish Mines.
  7782 | D:10     | Reached skill level 1 in Invocations
  7788 | D:10     | Reached skill level 1 in Maces & Flails
  7987 | D:10     | Reached skill level 1 in Long Blades
  7987 | D:10     | Reached skill level 1 in Axes
  7987 | D:10     | Reached skill level 1 in Armour
  8339 | D:11     | Noticed a purple ugly thing
  8350 | D:11     | Killed a purple ugly thing
  8360 | D:11     | Noticed a two-headed ogre
  8365 | D:11     | Killed a two-headed ogre
  8466 | D:11     | Found Cuqapo's Armour Shop.
  8581 | D:11     | Reached ****** piety under Trog
  8959 | D:12     | Noticed an orc sorcerer
  8961 | D:12     | Noticed an orc knight
  8984 | D:12     | Noticed a sun demon
  8993 | D:11     | Reached XP level 12. HP: 55/123 MP: 11/11
  9005 | D:11     | Slain by an orc knight

Illustrated notes

Levels and vault maps discovered:
D:1:      minmay_arrival_radiant_lines, layout_basic,
          shapermc_ecumenical_altar_venn
D:2:      layout_loops_ring, serial_bayou_pond_d, uniq_terence
D:3:      layout_rooms, uniq_natasha
D:4:      layout_loops_corners, nicolae_ru_the_path_less_chosen, serial_glass,
          glass_columns_b, glass_columns_a, uniq_robin, uniq_pikel
D:5:      layout_rooms, lemuel_blue_sif_altar,
          minmay_temple_entry_statues_fountains, kennysheep_nondescript,
          minmay_diced_spiral
D:6:      layout_gridville, minmay_manual_maat, uniq_edmund
D:7:      layout_cave_pools, mainiacjoe_overflow_catwalk, fountainhead,
          minmay_hedge_maze, grunt_ministairs_10
D:8:      layout_cave_pools, nicolae_gozag_seed_capital, kennysheep_mini_moat,
          erik_lair_dragon, nicolae_ossuary_entry_false_entrances, serial_park,
          serial_park_square2, serial_park_tiny_1, serial_park_tiny_2,
          uniq_maggie, uniq_joseph, uniq_prince_ribbit1, uniq_gastronok
D:9:      layout_cross, serial_shops, shop, enter_bailey_7, serial_gnoll_camp,
          gnoll_camp_mini_loothouse, gnoll_camp_mini_doghouse,
          gnoll_camp_medium_01, gnoll_camp_mini_house, gnoll_camp_mini_house,
          gnoll_camp_medium_02, hex_tiny, abandoned_shop
D:10:     layout_gridville, david_orc_1_choice
D:11:     layout_gridville, serial_shops, nicolae_stop_n_shop_1
D:12:     layout_cave_pods, serial_shops, shop, shop, lightli_elemental_guards,
          uniq_psyche, uniq_snorg

Skill      XL: |  1  2  3  4  5  6  7  8  9 10 11 |
---------------+----------------------------------+-----
Unarmed Combat | 4 5 6 8 9 11 | 11.6
Dodging        | 4 8 12 | 12.7
Fighting       | 3 5 7 9 |  9.2
Invocations    | 1 |  1.1
Maces & Flails | 1 |  1.0
Long Blades    | 1 |  1.0
Axes           | 1 |  1.0
Armour         | 1 |  1.0
Short Blades   | |  0.9
Polearms       | |  0.9
Staves         | |  0.9
Slings         | |  0.7
Bows           | |  0.5
Crossbows      | |  0.5
Shields        | |  0.7

Action                   |  1- 3 |  4- 6 |  7- 9 | 10-12 || total
-------------------------+-------+-------+-------+-------++-------
Melee: Unarmed           |    93 |    70 |   322 |   477 ||   962
       Punch             |     1 |     2 |    16 |    31 ||    50
Invok: Berserk           |     1 |       |       |     1 ||     2
  Use: Scroll            |       |       |     2 |    10 ||    12
 Stab: Sleeping          |       |       |     1 |       ||     1
Armor: Animal skin       |    36 |    18 |    73 |       ||   127
       Steam dragon scal |       |       |       |   121 ||   121
Dodge: Dodged            |    53 |    32 |   165 |   454 ||   704

Table legend: (Time is in decaauts)
 A = Elapsed time spent in this place.
 B = Non-inter-level travel time spent in this place.
 C = Inter-level travel time spent in this place.
 D = Time resting spent in this place.
 E = Time spent auto-exploring this place.
 F = Levels seen in this place.
 G = Mean time per level.
                   A        B        C        D        E       F      G
               +--------+--------+--------+--------+--------+-----+--------+
         Total |   8847 |   8811 |     36 |     31 |   5763 |  13 |  680.5 |
       Dungeon |   8402 |   8366 |     36 |     31 |   5642 |  12 |  700.2 |
       Ossuary |    445 |    445 |      0 |      0 |    121 |   1 |  445.0 |
               +--------+--------+--------+--------+--------+-----+--------+

Top non-repeatable levels by time:
    D:10: 1064 daAuts
     D:4: 962 daAuts
     D:9: 962 daAuts
     D:8: 935 daAuts
     D:5: 806 daAuts
    D:11: 772 daAuts
     D:2: 678 daAuts
     D:7: 635 daAuts
     D:1: 585 daAuts
     D:3: 494 daAuts
     D:6: 490 daAuts
 Ossuary: 445 daAuts
    D:12: 14 daAuts
